 Dungeon Crawl Stone Soup version 0.13-a0-2979-gb6a86b3 (webtiles) character file.

69 HexAgony the Sneak (level 2, 0/14 HPs)
             Began as a Spriggan Assassin on Aug 4, 2013.
             Slain by a goblin
             ... wielding a +0,+0 dagger
              (2 damage)
             ... on Level 1 of the Dungeon on Sept 7, 2013.
             The game lasted 00:04:05 (817 turns).

HexAgony the Sneak (Spriggan Assassin)               Turns: 817, Time: 00:04:05

HP   0/14        AC  3     Str  7      XL: 2   Next: 55%
MP   3/3         EV 17     Int 12      God:
Gold 50          SH  0     Dex 17      Spells:  0 memorised,  1 level left

Res.Fire  : . . .   See Invis. : +   a - +2 dagger {=f}
Res.Cold  : . . .   Warding    : .   c - +0 robe
Life Prot.: . . .   Conserve   : .   (shield restricted)
Res.Poison: .       Res.Corr.  : .   (helmet restricted)
Res.Elec. : .       Clarity    : .   d - +0 cloak
Sust.Abil.: . .     Spirit.Shd : .   (gloves unavailable)
Res.Mut.  : .       Stasis     : .   (boots unavailable)
Res.Rott. : .       Flight     : .   (no amulet)
Saprovore : . . .                    (no ring)
                                     (no ring)

@: very quick, slightly resistant to hostile enchantments, very stealthy
A: unfitting armour, see invisible, herbivore 3, speed 3, slow metabolism 2
a: no special abilities


You were on level 1 of the Dungeon.
You were not hungry.

You visited 1 branch of the dungeon, and saw 1 of its levels.

Inventory:

Hand weapons
 a - a +2,+2 dagger (weapon) {=f}
 b - a +0 blowgun
Missiles
 e - 6 poisoned needles
 f - 2 curare-tipped needles
 h - 10 darts (quivered)
Armour
 c - a +0 robe (worn)
 d - a +0 cloak (worn)
Comestibles
 l - a bread ration
Scrolls
 i - a scroll of remove curse {unknown}
 j - 2 scrolls of curse armour {unknown}
Potions
 g - a potion of porridge
 k - a potion of cure mutation {unknown}


   Skills:
 + Level 1.6 Fighting
 + Level 2.2 Short Blades
 + Level 2.2 Throwing
 + Level 2.2 Dodging
 + Level 6.6 Stealth


You had one spell level left.
You didn't know any spells.

Dungeon Overview and Level Annotations

Branches:
Dungeon (1/27)

Altars:


Innate Abilities, Weirdness & Mutations

You are tiny and cannot use many weapons and most armour.
You have supernaturally acute eyesight.
You are a herbivore.
You cover ground extremely quickly.
You need consume almost no food.


Message History

The bat closely misses you. The bat misses you. The goblin misses you.
The bat misses you. The goblin hits you with a dagger. The bat hits you.
* * * LOW HITPOINT WARNING * * *
The goblin misses you. The bat hits you but does no damage. The bat misses you.
The goblin closely misses you. The bat hits you but does no damage.
The goblin hits you with a dagger.
* * * LOW HITPOINT WARNING * * *
The bat completely misses you. The goblin closely misses you.
The bat barely misses you. The goblin closely misses you.
The goblin hits you with a dagger.
* * * LOW HITPOINT WARNING * * *
The bat barely misses you. The bat hits you but does no damage.
The goblin barely misses you. The bat hits you but does no damage.
The goblin closely misses you. The bat closely misses you.
The goblin completely misses you. The bat hits you but does no damage.
The bat completely misses you. The goblin misses you.
The bat closely misses you. The goblin hits you with a dagger.
You die...

#
#.....[....#
#. #
#..).......#
## #
#..........#
#..........#
#..........+
#.......>..#
#..........#
#..........#
#.......b.@#
#########g##
#.# #.# #.#
#.# #. #. #


You could see a goblin and a bat.

Vanquished Creatures
  A giant cockroach (D:1)
  A hobgoblin (D:1)
  4 jackals (D:1)
  2 bats (D:1)
  A giant newt (D:1)
  4 goblins (D:1)
  3 kobolds (D:1)
  2 rats (D:1)
18 creatures vanquished.

Notes
Turn   | Place    | Note
--------------------------------------------------------------
     0 | D:1      | HexAgony, the Spriggan Assassin, began the quest for the Orb.
     0 | D:1      | Reached XP level 1. HP: 10/10 MP: 1/1
    47 | D:1      | Reached skill level 6 in Stealth
   335 | D:1      | Reached XP level 2. HP: 9/14 MP: 3/3
   626 | D:1      | Yermak: Hi
   626 | D:1      | Upgraded the game from 0.13-a0-2606-g170388b to 0.13-a0-2979-gb6a86b3
   817 | D:1      | Slain by a goblin

Action                   || total
-------------------------++-------
Melee: Dagger            ||    52
       Blowgun           ||     1
 Fire: Blowgun           ||    11
  Use: Scroll            ||     2
 Stab: Sleeping          ||     2
       Distracted        ||     1
